[Event "Late-Titled-Tuesday-Blitz-September-05-2023"]
[Site "Chess.com"]
[Date "2023.09.05"]
[Round "2"]
[White "Aygehovit1992"]
[Black "Truequitos"]
[Result "1-0"]
[WhiteElo "2701"]
[BlackElo "2438"]
[TimeControl "180+1"]
[EndTime "14:16:09 PDT"]
[Termination "Aygehovit1992 won by resignation"]

1. e4 e6 2. d4 d5 3. Nc3 Bb4 4. Ne2 Nc6 5. a3 Bxc3+ 6. Nxc3 dxe4 7. Bb5 Ne7 8. Nxe4 O-O 9. Bg5 f6 10. Be3 f5 11. Bxc6 Nxc6 12. Nc5 f4 13. Bd2 Qxd4 14.
Bb4 Nxb4 15. axb4 Qxb4+ 16. Qd2 Qxc5 17. O-O-O e5 18. Rhe1 Bf5 19. c3 Kh8 20. b4 Qb5 21. Qa2 a5 22. Rd5 Qc6 23. Rc5 Qxg2 24. Rcxe5 Bg6 25. bxa5 Rad8 26. h4 Qf3 27. Qb2 Rd3 28.
Qb4 Rxc3+ 29. Kb2 Rc2+ 30. Ka1 Rd8 31. Re8+ 1-0

[Event "Late-Titled-Tuesday-Blitz-September-05-2023"]
[Site "Chess.com"]
[Date "2023.09.05"]
[Round "2"]
[White "SCIM"]
[Black "BogdanDeac"]
[Result "0-1"]
[WhiteElo "2586"]
[BlackElo "2995"]
[TimeControl "180+1"]
[EndTime "14:16:12 PDT"]
[Termination "BogdanDeac won by resignation"]

1. d4 Nf6 2. c4 e6 3. Nc3 Bb4 4.
e3 O-O 5. Bd3 d5 6. a3 dxc4 7.
Bxc4 Be7 8. Nf3 c5 9. O-O a6 10. Ba2 b5 11. Qe2 Bb7 12. Rd1 cxd4 13. exd4 Nd5 14.
Ne4 Nd7 15. Bg5 Bxg5 16. Nexg5 Qe7 17. Rac1 Rac8 18. Ne4 h6 19. Qd2 b4 20. axb4 Nxb4 21. Bb1 Rfd8 22. Nc5 Bxf3 23. gxf3 Nxc5 24. Qxb4 Qg5+ 25.
Kh1 Nd3 0-1

[Event "Late-Titled-Tuesday-Blitz-September-05-2023"]
[Site "Chess.com"]
[Date "2023.09.05"]
[Round "2"]
[White "Fonsofan"]
[Black "Cmorales2001"]
[Result "1-0"]
[WhiteElo "2739"]
[BlackElo "2421"]
[TimeControl "180+1"]
[EndTime "14:16:13 PDT"]
[Termination "Fonsofan won by resignation"]

1. e4 c6 2. d4 d5 3. exd5 cxd5 4.
Bf4 Nc6 5. c3 Bf5 6. Nf3 e6 7.
Nbd2 Bd6 8. Bxd6 Qxd6 9. Nh4 Bg6 10. Be2 Nge7 11. O-O Nf5 12. Ndf3 O-O 13. Nxg6 fxg6 14.
Re1 Rae8 15. Bb5 a6 16. Ba4 b5 17. Bc2 Rf6 18. Ne5 Ref8 19. Qd2 Nfe7 20. Re2 Qc7 21.
Nxc6 Nxc6 22. Rae1 Qd6 23. g3 Nb8 24. a4 Nd7 25.
axb5 axb5 26. Bd3 Rb8 27. Re3 Nf8 28. h4 Rf7 29. Bf1 b4 30. c4 dxc4 31. Bxc4 Rd8 32. Rxe6 Nxe6 33. Rxe6 Qd7 34. Re4 Kh8 35. Bxf7 Qxf7 36.
Qxb4 h6 37. Qe1 Qb3 38. Re8+ Rxe8 39. Qxe8+ Kh7 40. Qe2 Qa2 41. Qd3 h5 42. b3 Qa1+ 43. Kg2 Qa8+ 44. d5 Qb7 45. Qc4 Kh6 46. b4 g5 47.
Qc6+ 1-0

[Event "Late-Titled-Tuesday-Blitz-September-05-2023"]
[Site "Chess.com"]
[Date "2023.09.05"]
[Round "2"]
[White "KChor05TTV"]
[Black "zozik"]
[Result "0-1"]
[WhiteElo "2588"]
[BlackElo "2366"]
[TimeControl "180+1"]
[EndTime "14:16:17 PDT"]
[Termination "zozik won by resignation"]

1. d4 d5 2. c4 e6 3. Nf3 c5 4.
cxd5 exd5 5. g3 Nc6 6. Bg2 Nf6 7.
O-O Be7 8. Nc3 O-O 9. Bg5 c4 10. Ne5 Be6 11. b3 Qa5 12. Rc1 Ba3 13. Rc2 Bb4 14.
Nxc6 bxc6 15. Bxf6 Bxc3 16. Qc1 gxf6 17. Rxc3 c5 18.
dxc5 d4 19. Rxc4 Bxc4 20. Bxa8 Bxe2 21. Re1 d3 0-1

[Event "Late-Titled-Tuesday-Blitz-September-05-2023"]
[Site "Chess.com"]
[Date "2023.09.05"]
[Round "2"]
[White "boguszp"]
[Black "Smiechu"]
[Result "0-1"]
[WhiteElo "2043"]
[BlackElo "2411"]
[TimeControl "180+1"]
[EndTime "14:16:20 PDT"]
[Termination "Smiechu won by resignation"]

1. d4 Nf6 2. Nf3 c5 3. c3 g6 4. Bf4 Bg7 5. e3 b6 6. Be2 O-O 7. O-O Bb7 8. Nbd2 d6 9. h3 Nbd7 10. Qb3 Rc8 11. Rad1 Ne4 12. Nxe4 Bxe4 13. Ng5 Bb7 14. Bc4 Qe8 15. Rfe1 h6 16. Nxf7 Rxf7 17. Be6 Ba6 18. Qc2 Kh7 19. Bxf7 Qxf7 20. h4 Qf5 21.
Qa4 Bb7 22. e4 Qxf4 23. Qxd7 Rf8 24. f3 Bc8 25. Qxe7 Rf7 26. Qe8 Bd7 27. Qb8 Qg3 28.
Qd8 Bh3 29. Re2 Rxf3 30. Kh1 Rf8 31. e5 Rxd8 0-1

[Event "Late-Titled-Tuesday-Blitz-September-05-2023"]
[Site "Chess.com"]
[Date "2023.09.05"]
[Round "2"]
[White "The_Machine04"]
[Black "mishanick"]
[Result "0-1"]
[WhiteElo "2604"]
[BlackElo "3067"]
[TimeControl "180+1"]
[EndTime "14:16:22 PDT"]
[Termination "mishanick won by checkmate"]

1. d4 Nf6 2. Nf3 d5 3. e3 e6 4. Nbd2 b6 5. Bd3 Bb7 6. Ne5 Nbd7 7. f4 a6 8. Qf3 c5 9. c3 Bd6 10. O-O Qe7 11. a4 h5 12. Qg3 g6 13. Qf3 h4 14. g4 hxg3 15. hxg3 O-O-O 16. Qe2 c4 17. Bc2 Rh3 18. Qg2 Rdh8 19. Ndf3 Bxe5 20. fxe5 Ng4 21.
Bd2 f5 22. exf6 Ndxf6 23. Bxg6 Qg7 24. Bc2 Nxe3 25. Bxe3 Rxg3 26. Rf2 Qg4 27. Ne5 Qh3 28. Qxg3 Qh1# 0-1

[Event "Late-Titled-Tuesday-Blitz-September-05-2023"]
[Site "Chess.com"]
[Date "2023.09.05"]
[Round "2"]
[White "Jenia84"]
[Black "Hamisandwich"]
[Result "0-1"]
[WhiteElo "2338"]
[BlackElo "2654"]
[TimeControl "180+1"]
[EndTime "14:16:26 PDT"]
[Termination "Hamisandwich won by resignation"]

1. Nf3 c6 2. e4 d5 3. exd5 cxd5 4. d4 Nc6 5. c3 Bg4 6. Bd3 e6 7. h3 Bh5 8. Bf4 Bd6 9. Bxd6 Qxd6 10. Nbd2 Nge7 11.
Qe2 Ng6 12. g3 Nge7 13. Qe3 Bg6 14. Bxg6 hxg6 15. Ne5 Nf5 16. Qe2 Nxe5 17. Qxe5 Qxe5+ 18. dxe5 Rc8 19. O-O-O Ne7 20. Nb3 g5 21. f4 gxf4 22.
gxf4 Rh4 23. Rd4 Nc6 24. Ra4 b5 25. Ra6 Rxf4 26. Rg1 g6 27. Rg4 Rf1+ 28. Kc2 Nxe5 29. Rh4 Rf2+ 30. Kd1 Rc7 31. Nd4 Rxb2 32. Rh8+ Ke7 33.
Rh7 Kf6 34. Nxe6 Rc6 35. Rxf7+ Kxe6 0-1

[Event "Late-Titled-Tuesday-Blitz-September-05-2023"]
[Site "Chess.com"]
[Date "2023.09.05"]
[Round "2"]
[White "talaicito"]
[Black "colegiodemadrid"]
[Result "0-1"]
[WhiteElo "2252"]
[BlackElo "2472"]
[TimeControl "180+1"]
[EndTime "14:16:28 PDT"]
[Termination "colegiodemadrid won on time"]

1. d4 Nf6 2. Nc3 d5 3. Bf4 a6 4.
e3 g6 5. Nf3 b5 6. Ne5 Bb7 7.
g4 Bg7 8. h4 h5 9. Bd3 hxg4 10.
Nxg4 Nbd7 11. Ne5 c5 12. Qf3 c4 13. Bxg6 fxg6 14. Nxg6 Rg8 15. h5 Ne4 16. Nxe4 dxe4 17. Qh3 Nf6 18. h6 Bh8 19. Ne5 Bc8 20. Qh2 Bf5 21.
O-O-O c3 22. bxc3 Rc8 23. h7 Bxh7 24. d5 Qa5 25. Nc6 Qxc3 26. Be5 Qa3+ 27. Kb1 Bg6 28.
Bb2 Qa4 0-1

[Event "Late-Titled-Tuesday-Blitz-September-05-2023"]
[Site "Chess.com"]
[Date "2023.09.05"]
[Round "2"]
[White "farzadbfd"]
[Black "rickywsb"]
[Result "1-0"]
[WhiteElo "2683"]
[BlackElo "2371"]
[TimeControl "180+1"]
[EndTime "14:16:30 PDT"]
[Termination "farzadbfd won by resignation"]

1. d4 d5 2. Nf3 Nf6 3. c4 c6 4.
Nc3 e6 5. cxd5 exd5 6. Bg5 Be7 7.
e3 Bf5 8. Bd3 Bxd3 9. Qxd3 Nbd7 10. O-O O-O 11. Rab1 Re8 12. b4 Nb6 13. Ne5 Nfd7 14.
Bxe7 Qxe7 15. Nxd7 Qxd7 16. b5 Nc4 17. bxc6 bxc6 18. Na4 Rab8 19. Nc5 Qg4 20. h3 Qg5 21. Rb3 h6 22. Rfb1 Rb6 23. Nd7 Rxb3 24. axb3 Nd6 25. Ra1 Nb5 26. Ne5 Qf6 27. Ra6 Re6 28. Qc2 Qd8 29. Rxc6 Rxc6 30. Qxc6 Qa5 31. Qc8+ Kh7 32.
Qf5+ Kg8 33. Qxf7+ Kh8 34. Ng6+ Kh7 1-0

[Event "Late-Titled-Tuesday-Blitz-September-05-2023"]
[Site "Chess.com"]
[Date "2023.09.05"]
[Round "2"]
[White "MITerryble"]
[Black "koncheto"]
[Result "1-0"]
[WhiteElo "2914"]
[BlackElo "2560"]
[TimeControl "180+1"]
[EndTime "14:16:35 PDT"]
[Termination "MITerryble won by resignation"]

1. e4 c5 2. Nf3 d6 3. Bb5+ Nc6 4.
O-O Bd7 5. Re1 a6 6. Bf1 Bg4 7. c3 g6 8. d4 cxd4 9. cxd4 Bg7 10. Be3 Bxf3 11. gxf3 Nf6 12. d5 Ne5 13. Nd2 O-O 14.
Qb3 b5 15. Rac1 Rc8 16. Bh3 Rxc1 17. Rxc1 Qa5 18. a3 Ned7 19. Qc2 b4 20. Nc4 Qb5 21. a4 Qb8 22. Na5 Nc5 23. Nc6 Qc7 24. Nxb4 Qa5 25. Nc6 Qc7 26. b4 Nb7 27. Qc4 a5 28. Nxa5 Qxc4 29.
Rxc4 Nxa5 30. bxa5 Ra8 31. Rc8+ 1-0

[Event "Late-Titled-Tuesday-Blitz-September-05-2023"]
[Site "Chess.com"]
[Date "2023.09.05"]
[Round "2"]
[White "Kleyton_Lima"]
[Black "olakenn"]
[Result "1-0"]
[WhiteElo "2508"]
[BlackElo "1847"]
[TimeControl "180+1"]
[EndTime "14:16:35 PDT"]
[Termination "Kleyton_Lima won on time"]

1. e4 c6 2. d4 d5 3. e5 Bf5 4. h4 h6 5. g4 Bh7 6. e6 fxe6 7. Bd3 Nf6 8. Bxh7 Rxh7 9. f4 Qa5+ 10. c3 Nbd7 11. h5 O-O-O 12. Be3 Ne4 13. Nf3 Ndf6 14.
Ne5 Nd7 15. Nd2 Nxe5 16. fxe5 c5 17. Nxe4 cxd4 18. Bxd4 dxe4 19. O-O g5 20. Qe2 Bg7 21. Qxe4 Rhh8 22. Rf7 Rhg8 23. Rxe7 Qb5 24. Rf1 Bf8 25.
Rxe6 Bc5 26. a4 Qa5 27. Rf7 Bxd4+ 28. cxd4 Qb4 29. Ree7 1-0

[Event "Late-Titled-Tuesday-Blitz-September-05-2023"]
[Site "Chess.com"]
[Date "2023.09.05"]
[Round "2"]
[White "KorolDimitriy75"]
[Black "tgpgoat"]
[Result "0-1"]
[WhiteElo "2315"]
[BlackElo "2509"]
[TimeControl "180+1"]
[EndTime "14:16:36 PDT"]
[Termination "tgpgoat won on time"]

1. d4 Nf6 2. c4 c5 3. d5 b5 4. Nd2 bxc4 5. e4 d6 6. Bxc4 g6 7. b3 Bg7 8. Bb2 O-O 9. h3 Ba6 10. Ngf3 Bxc4 11. bxc4 Nbd7 12. O-O Rb8 13. Bc3 Qc7 14.
Re1 Ne8 15. Qc2 Bxc3 16. Qxc3 Nef6 17. e5 dxe5 18. Nxe5 Nxe5 19. Rxe5 Rb7 20. Rae1 Qd6 21. Qe3 Re8 22. f4 Rb2 23. a3 Kg7 24. Nf3 Rb7 25. g4 Nd7 26. Rxe7 Rxe7 27. Qxe7 Qxf4 28. Rf1 Qg3+ 29. Kh1 Rb2 0-1

[Event "Late-Titled-Tuesday-Blitz-September-05-2023"]
[Site "Chess.com"]
[Date "2023.09.05"]
[Round "2"]
[White "Nick12772"]
[Black "karinachess1"]
[Result "1-0"]
[WhiteElo "2350"]
[BlackElo "2551"]
[TimeControl "180+1"]
[EndTime "14:16:37 PDT"]
[Termination "Nick12772 won by resignation"]

1. Nf3 Nf6 2. g3 g6 3. Bg2 Bg7 4. O-O O-O 5. c4 d6 6. Nc3 e5 7. d3 h6 8. Rb1 Be6 9. e4 Nc6 10. b4 Bg4 11. h3 Bxf3 12. Bxf3 Nd4 13. Bg2 Nd7 14. Be3 f5 15. exf5 gxf5 16. Bxb7 Rb8 17. Bg2 f4 18. Bxd4 exd4 19. Nd5 fxg3 20. fxg3 Qg5 21. Qg4 Ne5 22. Qxg5 hxg5 23. Be4 c5 24. b5 g4 25. hxg4 Nxg4 26. Ne7+ Kh8 27. Ng6+ Kg8 28. Bd5+ Kh7 29. Nxf8+ Bxf8 30. Rf7+ Kg6 31. Rbf1 Bg7 32. Be4+ Kh6 33. Rxa7 Nf6 34. Rf4 d5 35. Bxd5 Nxd5 36.
cxd5 Rxb5 37. Rh4+ Kg6 38. Rg4+ Kf6 39. Rgxg7 1-0

[Event "Late-Titled-Tuesday-Blitz-September-05-2023"]
[Site "Chess.com"]
[Date "2023.09.05"]
[Round "2"]
[White "nitpicker"]
[Black "Dontmesswithme_2"]
[Result "0-1"]
[WhiteElo "2276"]
[BlackElo "2487"]
[TimeControl "180+1"]
[EndTime "14:16:39 PDT"]
[Termination "Dontmesswithme_2 won by resignation"]

1. d4 d5 2. c4 c6 3. Nf3 Nf6 4. Qb3 dxc4 5. Qxc4 Bg4 6. Ne5 Bh5 7. Nc3 e6 8. Bg5 Be7 9. e3 Nbd7 10. f4 Nxe5 11.
dxe5 Nd5 12. Bxe7 Qxe7 13. Qb3 Nxe3 14. Ne4 Nf5 15. Bc4 O-O 16. a4 Rfd8 17. O-O Rd4 18. Rae1 Rad8 19. a5 c5 20. Qc3 b6 21. a6 Qc7 22.
Bb5 c4 23. Rc1 Rxe4 24. h3 Qc5+ 25. Kh2 Qxb5 26. g4 Re2+ 0-1

[Event "Late-Titled-Tuesday-Blitz-September-05-2023"]
[Site "Chess.com"]
[Date "2023.09.05"]
[Round "2"]
[White "geordie_derraugh"]
[Black "Iball95"]
[Result "1-0"]
[WhiteElo "2467"]
[BlackElo "2812"]
[TimeControl "180+1"]
[EndTime "14:16:40 PDT"]
[Termination "geordie_derraugh won by checkmate"]

1. e4 c5 2. Nf3 e6 3. d3 d5 4.
Qe2 Nf6 5. g3 Nc6 6. Bg2 g6 7.
O-O Bg7 8. Nc3 O-O 9. e5 Ng4 10. Bf4 h5 11. h3 Nh6 12. Rfe1 Nf5 13. Bg5 Qc7 14. Bf6 b6 15. Nb5 Qd7 16. g4 hxg4 17.
hxg4 Ba6 18. gxf5 Bxb5 19. a4 Ba6 20. Bxg7 Kxg7 21. f6+ Kh7 22. Ng5+ Kg8 23. Qe3 Nxe5 24. Qh3 Rfc8 25. Qh7+ Kf8 26. Qh8# 1-0

[Event "Late-Titled-Tuesday-Blitz-September-05-2023"]
[Site "Chess.com"]
[Date "2023.09.05"]
[Round "2"]
[White "MusicCityMaster"]
[Black "K_A_S_T_O_R"]
[Result "0-1"]
[WhiteElo "2446"]
[BlackElo "2950"]
[TimeControl "180+1"]
[EndTime "14:16:44 PDT"]
[Termination "K_A_S_T_O_R won by resignation"]

1. e4 c5 2. Nf3 d6 3. d4 cxd4 4. Nxd4 Nf6 5. Nc3 a6 6. Bc4 e6 7. Bb3 b5 8. Qe2 Qb6 9. Be3 Qb7 10. f3 b4 11. Na4 Be7 12. g4 O-O 13. g5 Nfd7 14. h4 Nc5 15. c3 Bd7 16. Nxc5 dxc5 17.
Nc2 Bb5 18. c4 Bc6 19. a4 bxa3 20. Rxa3 Qc7 21. Qf2 Bd6 22. Rg1 Nd7 23. Kd2 Rfd8 24. Kc1 Bf4 25. Rg4 Bxe3+ 26. Nxe3 Ne5 27. Bc2 Nxg4 28.
fxg4 Qe5 29. Qf3 Rab8 30. Rc3 Qd4 31. h5 Qd2+ 32. Kb1 Qxc3 0-1

[Event "Late-Titled-Tuesday-Blitz-September-05-2023"]
[Site "Chess.com"]
[Date "2023.09.05"]
[Round "2"]
[White "Mikhail_Golubev"]
[Black "GM_dmitrij"]
[Result "0-1"]
[WhiteElo "2596"]
[BlackElo "3028"]
[TimeControl "180+1"]
[EndTime "14:16:45 PDT"]
[Termination "GM_dmitrij won by resignation"]

1. e4 c5 2. Nf3 Nc6 3. Nc3 d6 4.
d4 cxd4 5. Nxd4 Nf6 6. Bc4 e6 7. Be3 Bd7 8. Bb3 Be7 9. f4 O-O 10. Qf3 e5 11. Nxc6 bxc6 12. fxe5 dxe5 13. O-O-O Qc7 14. h3 a5 15. g4 Be6 16. g5 Ne8 17. Bxe6 fxe6 18. Qg4 Qc8 19. Na4 Bd8 20. Bb6 Be7 21.
Bc5 Rf4 22. Bxe7 Rxg4 23. hxg4 Qc7 24. Ba3 Rd8 25. Rxd8 Qxd8 26. Rf1 Qxg5+ 27. Kb1 Nf6 28.
b3 Qxg4 29. Nc5 h5 30. Bb2 Qg2 31.
Rd1 h4 32. Nxe6 h3 33. Bxe5 h2 34. Bxh2 Qxh2 35. Ng5 Qc7 36. Ne6 Qe7 0-1

[Event "Late-Titled-Tuesday-Blitz-September-05-2023"]
[Site "Chess.com"]
[Date "2023.09.05"]
[Round "2"]
[White "Marcin"]
[Black "Athanasios2"]
[Result "1-0"]
[WhiteElo "2489"]
[BlackElo "2713"]
[TimeControl "180+1"]
[EndTime "14:16:47 PDT"]
[Termination "Marcin won by resignation"]

1. e4 c5 2. Nc3 d6 3. f4 Nf6 4.
Nf3 g6 5. a4 Bg7 6. Bb5+ Bd7 7.
O-O O-O 8. Bxd7 Qxd7 9. d3 Nc6 10. Qe1 Rac8 11. Qh4 Nd4 12. f5 e6 13. Bg5 Ne8 14.
f6 Bh8 15. Nxd4 cxd4 16. Ne2 e5 17. Qh6 Qg4 18. Rf3 Rxc2 19. Rh3 Qxh3 20. Qxh3 Rxe2 21. Rf1 Nc7 22. Qd7 Ne6 23. Bh6 Rd8 24. Qxe6 1-0

[Event "Late-Titled-Tuesday-Blitz-September-05-2023"]
[Site "Chess.com"]
[Date "2023.09.05"]
[Round "2"]
[White "antispeciesism"]
[Black "Emp3rador"]
[Result "0-1"]
[WhiteElo "2048"]
[BlackElo "2502"]
[TimeControl "180+1"]
[EndTime "14:16:48 PDT"]
[Termination "Emp3rador won by resignation"]

1. d4 d5 2. c4 c6 3. cxd5 cxd5 4. Nc3 Nf6 5. Bf4 a6 6. e3 Nc6 7. Bd3 Bg4 8. f3 Bh5 9. Nge2 Bg6 10. O-O e6 11.
Na4 Bxd3 12. Qxd3 Rc8 13. Rfc1 Nd7 14. e4 Be7 15. Nac3 Nb6 16. a4 Nb4 17. Qd1 Nc4 18.
exd5 exd5 19. Ng3 O-O 20. b3 Na5 21. Rab1 Re8 22. Qf1 Bf8 23. Bd2 Qb6 24. Kh1 Qxd4 25. Rd1 Qd3 26. Qxd3 Nxd3 27. Kg1 0-1

[Event "Late-Titled-Tuesday-Blitz-September-05-2023"]
[Site "Chess.com"]
[Date "2023.09.05"]
[Round "2"]
[White "PotapovaM"]
[Black "Dzidzik2203"]
[Result "1-0"]
[WhiteElo "2663"]
[BlackElo "2343"]
[TimeControl "180+1"]
[EndTime "14:16:50 PDT"]
[Termination "PotapovaM won by resignation"]

1. Nf3 Nf6 2. c4 e6 3. d4 b6 4.
a3 Bb7 5. Nc3 d5 6. cxd5 Nxd5 7.
Qc2 Be7 8. e4 Nxc3 9. bxc3 O-O 10.
Bd3 c5 11. O-O cxd4 12. cxd4 Qc8 13. Qe2 Ba6 14. Bb2 Bxd3 15. Qxd3 Qa6 16. Qe3 Nd7 17.
d5 Bc5 18. Qg5 f6 19. Qg4 Rae8 20. dxe6 Nb8 21. Nh4 Qc4 22. Nf5 g6 23. Nh6+ Kg7 24. Nf5+ Kh8 25. e7 Bxe7 26. Ne3 Qf7 27. Nd5 Nc6 28.
Rac1 Rc8 29. Qd7 Rfd8 30. Qb7 Qe8 31. Nxe7 1-0

[Event "Late-Titled-Tuesday-Blitz-September-05-2023"]
[Site "Chess.com"]
[Date "2023.09.05"]
[Round "2"]
[White "lacafi"]
[Black "MelihKaanCan"]
[Result "0-1"]
[WhiteElo "2209"]
[BlackElo "2453"]
[TimeControl "180+1"]
[EndTime "14:16:50 PDT"]
[Termination "MelihKaanCan won on time"]

1. d4 Nf6 2. Nf3 e6 3. e3 b6 4. Bd3 Bb7 5. Nbd2 Be7 6. Qe2 d5 7. e4 dxe4 8. Nxe4 Nbd7 9. O-O O-O 10. Neg5 h6 11. Nxe6 fxe6 12. Qxe6+ Rf7 13. Bc4 Qf8 14. Nh4 Bd6 15. Nf5 Re8 16. Qxf7+ Qxf7 17. Bxf7+ Kxf7 18. Nxd6+ cxd6 19. Bf4 d5 20. Rfe1 Rc8 21. c3 Nf8 22.
Re2 Ne6 23. Bg3 Ba6 24. Re5 Rc6 25. Rae1 Bd3 26. f3 b5 27. a3 a5 28. R1e3 Bc4 29.
h4 Nd7 30. Rf5+ Kg6 0-1

[Event "Late-Titled-Tuesday-Blitz-September-05-2023"]
[Site "Chess.com"]
[Date "2023.09.05"]
[Round "2"]
[White "KrokerGuy"]
[Black "Javylavilla"]
[Result "1-0"]
[WhiteElo "2499"]
[BlackElo "2291"]
[TimeControl "180+1"]
[EndTime "14:16:52 PDT"]
[Termination "KrokerGuy won by resignation"]

1. e4 c5 2. Nf3 d6 3. d4 cxd4 4. Nxd4 Nf6 5. Nc3 Nc6 6. Bg5 Bd7 7. Qd2 Rc8 8. O-O-O Nxd4 9. Qxd4 Qa5 10. f4 Rxc3 11. Bxf6 Rc8 12. Bxg7 e5 13. Bxe5 Qa4 14. Qxa4 Bxa4 15.
Bxh8 Bxc2 16. Rd2 Bxe4+ 17. Bc3 Bg7 18. Bb5+ Kf8 19. Re1 d5 20. Re3 f5 21. Kd1 Bh6 22. g3 Kf7 23. Bd3 Ke6 24. Bxe4 fxe4 25. Be5 Bf8 26. Rb3 b6 27. Rb5 Bc5 28. Bd4 Kd6 29. Bxc5+ bxc5 30. Rb7 d4 31. b4 e3 32. bxc5+ Kc6 33.
Rdb2 Re8 34. Ke2 Kd5 35. Kd3 Kxc5 36. R7b5+ Kc6 37. Re5 Rd8 38. Rb4 a5 39. Rxd4 Rb8 40. Rxe3 Rb2 41. Re2 Rb1 42. Re6+ Kc5 43. Re5+ Kc6 44.
Rxa5 1-0

[Event "Late-Titled-Tuesday-Blitz-September-05-2023"]
[Site "Chess.com"]
[Date "2023.09.05"]
[Round "2"]
[White "Sajkochess"]
[Black "KATPAH"]
[Result "0-1"]
[WhiteElo "2393"]
[BlackElo "2671"]
[TimeControl "180+1"]
[EndTime "14:16:55 PDT"]
[Termination "KATPAH won on time"]

1. e4 e5 2. Nf3 d6 3. d4 Bg4 4.
dxe5 Nd7 5. exd6 Bxd6 6. h3 Bh5 7. Be2 Ngf6 8. Nbd2 Qe7 9. O-O O-O-O 10. Re1 Ne5 11.
Nxe5 Qxe5 12. g3 Bc5 13. Kg2 Bg6 14. Bf3 h5 15. Qe2 h4 16. Nc4 Qe7 17. Bg5 hxg3 18. e5 Qe6 19. Rh1 Nd5 20. Bg4 Bf5 21. Bxf5 Qxf5 22. Qg4 Qxg4 23. hxg4 f6 24. exf6 gxf6 25.
Rxh8 Rxh8 26. Be3 Nxe3+ 27. Nxe3 gxf2 28. Kxf2 Rh2+ 29. Kg3 Re2 30. Nd5 Rxc2 31. Nxf6 Rxb2 32. Rh1 Bd6+ 33. Kf3 b5 34. g5 Rb4 35. Rh8+ Kb7 36.
Rh6 Rf4+ 37. Ke3 Rf1 38. Kd4 Bf4 39. Rg6 Rg1 40. Ne4 a6 41. Nc5+ Kb8 42. Nxa6+ Ka7 43.
Nc5 Rxg5 44. Rxg5 Bxg5 45. Kd5 Kb6 46. Ne6 c6+ 47. Kd6 Bf6 0-1

[Event "Late-Titled-Tuesday-Blitz-September-05-2023"]
[Site "Chess.com"]
[Date "2023.09.05"]
[Round "2"]
[White "MariaFominykh"]
[Black "DawidCzerw"]
[Result "0-1"]
[WhiteElo "2289"]
[BlackElo "2499"]
[TimeControl "180+1"]
[EndTime "14:16:57 PDT"]
[Termination "DawidCzerw won on time"]

1. d4 Nf6 2. c4 e6 3. Nf3 d5 4. Nc3 c6 5. Bg5 dxc4 6. e4 b5 7. e5 h6 8. Bh4 g5 9. Bg3 Nd5 10. Be2 Qa5 11. Qd2 Bb4 12. Rc1 Nd7 13. O-O Bb7 14. Qc2 Nxc3 15. bxc3 Ba3 16. Rb1 c5 17.
Bxc4 Bxf3 18. Rxb5 Qc7 19. gxf3 cxd4 20. Qb3 Rc8 21.
Bxe6 fxe6 22. Qxe6+ Be7 23. Qg6+ Kd8 24. e6 Qc6 25.
Rf5 Nb6 26. cxd4 Nd5 0-1

[Event "Late-Titled-Tuesday-Blitz-September-05-2023"]
[Site "Chess.com"]
[Date "2023.09.05"]
[Round "2"]
[White "biostatistician"]
[Black "platy3"]
[Result "0-1"]
[WhiteElo "2566"]
[BlackElo "2917"]
[TimeControl "180+1"]
[EndTime "14:17:01 PDT"]
[Termination "platy3 won on time"]

1. d4 Nf6 2. Nf3 d5 3. c4 e6 4.
Nc3 c6 5. Bg5 h6 6. Bxf6 Qxf6 7.
e3 g5 8. Bd3 Bg7 9. O-O Nd7 10.
e4 dxc4 11. e5 Qe7 12. Bxc4 O-O 13. Ne4 c5 14. Nxc5 Nxc5 15. dxc5 Qxc5 16. Qe2 g4 17. Nd2 Qxe5 18. Qxg4 Qxb2 19. Rad1 Bd7 20. Ne4 Bc6 21. Nd6 Qf6 22. Rd3 Rad8 23. Rfd1 Qg5 24. Qh3 Rd7 25.
Rg3 Qf4 26. Rg4 Rxd6 27. Rxf4 Rxd1+ 28. Bf1 Bb5 0-1

[Event "Late-Titled-Tuesday-Blitz-September-05-2023"]
[Site "Chess.com"]
[Date "2023.09.05"]
[Round "2"]
[White "Andrei_Skvortsov"]
[Black "miraitrunks"]
[Result "1-0"]
[WhiteElo "2632"]
[BlackElo "2079"]
[TimeControl "180+1"]
[EndTime "14:17:02 PDT"]
[Termination "Andrei_Skvortsov won by resignation"]

1. e4 c5 2. d4 cxd4 3. Qxd4 Nc6 4. Qd3 g6 5. Nf3 Bg7 6. Be2 d6 7. Nc3 Nf6 8. O-O O-O 9. Nd5 Nxd5 10. exd5 Bf5 11.
Qd1 Nb4 12. c3 Nc2 13. g4 Be4 14. Ng5 Nxa1 15. Nxe4 e6 16. dxe6 d5 17. exf7+ Rxf7 18. Ng5 Re7 19. Bf3 Re5 20. Nh3 Qa5 21. Bf4 Ree8 22.
Qxd5+ Qxd5 23. Bxd5+ Kh8 24. Rxa1 Re2 25. Rb1 Rd8 26.
Bf3 Ree8 27. Bxb7 Rf8 28. Be3 Rf7 29. Be4 Rb8 30. Ng5 Re7 31. Bc2 h6 32. Nf3 g5 33.
Nd4 Reb7 34. b3 Rc8 35. c4 Rd7 36. Bf5 1-0

[Event "Late-Titled-Tuesday-Blitz-September-05-2023"]
[Site "Chess.com"]
[Date "2023.09.05"]
[Round "2"]
[White "cassoulet"]
[Black "Machteld145"]
[Result "1-0"]
[WhiteElo "2763"]
[BlackElo "2514"]
[TimeControl "180+1"]
[EndTime "14:17:03 PDT"]
[Termination "cassoulet won by checkmate"]

1. d4 d5 2. Nf3 Nf6 3. Bf4 e6 4.
e3 Bd6 5. Bg3 c5 6. c3 Nc6 7. Nbd2 b6 8. Bb5 Bb7 9. Ne5 Rc8 10. Qa4 Qc7 11. Ndf3 O-O 12. O-O a6 13. Bxc6 Bxc6 14. Nxc6 Qxc6 15. Qxa6 c4 16. Bxd6 Ra8 17.
Ne5 Qxd6 18. Qb5 Rfc8 19. a3 Ne4 20. f3 Nd2 21. Rf2 Nb3 22. Re1 Ra5 23. Qb4 Qc7 24.
e4 b5 25. exd5 exd5 26. Rfe2 g6 27. Ng4 Raa8 28. Re7 Qf4 29. Qxb5 Rd8 30. Qc6 Rab8 31. Nf6+ Kg7 32. Rxf7+ Kxf7 33. Qe6+ Kg7 34. Qe7+ Kh6 35. Ng4+ Kh5 36. Qxh7+ Kg5 37. h4+ Kf5 38. Qf7# 1-0

[Event "Late-Titled-Tuesday-Blitz-September-05-2023"]
[Site "Chess.com"]
[Date "2023.09.05"]
[Round "2"]
[White "Witik"]
[Black "Schwindle"]
[Result "1-0"]
[WhiteElo "2680"]
[BlackElo "2413"]
[TimeControl "180+1"]
[EndTime "14:17:04 PDT"]
[Termination "Witik won by resignation"]

1. d4 Nf6 2. Bf4 e6 3. e3 d5 4. Nd2 Bd6 5. Ngf3 Nc6 6. c3 Qe7 7. Ne5 O-O 8. Bd3 Nd7 9. Ndf3 f6 10. Nxd7 Bxd7 11. Bxd6 cxd6 12. O-O e5 13. Bb5 a6 14. Ba4 Bg4 15. dxe5 Bxf3 16. Qxf3 fxe5 17. Qxd5+ Kh8 18.
Bxc6 bxc6 19. Qxc6 a5 20. Rad1 Rad8 21. Rd5 a4 22.
Qxa4 Ra8 23. Qc6 Rxa2 24. Qxd6 Qf7 25. Rd2 e4 26. h3 h6 27. Rfd1 Re8 28. b4 Ra3 29.
Qc6 Raa8 30. c4 Rac8 31. Qd5 Qe7 32. c5 Rb8 33. Rd4 Rb5 34. Qc6 Reb8 35. Rxe4 1-0

[Event "Late-Titled-Tuesday-Blitz-September-05-2023"]
[Site "Chess.com"]
[Date "2023.09.05"]
[Round "2"]
[White "TC2304"]
[Black "AndreiITrifan"]
[Result "0-1"]
[WhiteElo "2348"]
[BlackElo "2621"]
[TimeControl "180+1"]
[EndTime "14:17:05 PDT"]
[Termination "AndreiITrifan won by resignation"]

1. c4 Nf6 2. g3 e6 3. Bg2 d5 4. Nf3 Be7 5. O-O O-O 6. b3 b6 7. Bb2 Bb7 8. d4 Nbd7 9. Nbd2 c5 10. Rc1 Rc8 11. Ne5 h6 12. Re1 a6 13. e4 dxe4 14.
Nxe4 Nxe4 15. Bxe4 Bxe4 16. Rxe4 Nxe5 17. Rxe5 Bf6 18.
Re4 Qd7 19. Rc2 Rfd8 20. Rd2 Qb7 21. Re3 cxd4 22. Bxd4 Bg5 23. f4 Be7 24. Red3 Rxd4 25. Rxd4 Bc5 26. h4 b5 27. Kh2 Bxd4 28. Rxd4 bxc4 29.
bxc4 Qb2+ 30. Rd2 Qb6 31. Rc2 Rd8 32. Rd2 Rc8 33. Rc2 Qe3 34. Qc1 Qc5 35. Rc3 Rd8 36. Qc2 g6 37. Kh3 Kh7 38. Rd3 Qf5+ 39. g4 Qxd3+ 40. Qxd3 Rxd3+ 0-1